AoeStats
← Death_Rider

Arabia

510940977Analyzed
2v2 RM · 20h ago on Oct 3, 2026· 24m 50s· 4 players
Game mode
Random Map
Map size
Medium (4 player)
Population
200
Speed
Normal
Resources
Standard
Victory
Conquest
Starting age
Dark Age
Ending age
Imperial Age
RankedLock teamsTeams togetherTeam positionsShared explorationLock speedFull tech treeHidden civsTurbo modeCheats
Victory
Defeat
🇩🇪 Bohemians · Germany
876
+14
🇬🇪 Georgians · Georgia
717
+21
🇺🇸 Danes · United States
840
-18
🇨🇳 Cumans · China
808
-17
DisgruntledShark
10:29 Feudal Age
10:41 Man-at-Arms
13:18 Double-Bit Axe
14:25 Horse Collar
16:26 Loom
22:51 Castle Age
20:59 Gold Mining
21:02 Stone Mining
21:51 Forging
21:41 Scale Mail Armor
23:07 Arson
24:48 Gold Shaft Mining
24:26 Bow Saw
24:18 Heavy Plow
24:48 Chain Mail Armor
1024935437
0:41 Loom
12:02 Feudal Age
21:09 Forging
Death_Rider
6:30 Loom
10:02 Feudal Age
10:28 Double-Bit Axe
10:31 Horse Collar
15:14 Forging
18:34 Scale Barding Armor
21:49 Castle Age
23:05 Bow Saw
23:38 Town Watch
24:39 Wheelbarrow
24:22 Husbandry
ImperataR
0:39 Loom
11:12 Feudal Age
19:13 Double-Bit Axe
19:18 Gold Mining
22:37 Wheelbarrow
26:06 Castle Age
Connection lost

Rejoining the realm…

Still unreachable

The connection could not be restored.

Session expired

The server has moved on; the page needs a fresh start.